 Dungeon Crawl Stone Soup version 0.31-a0-977-gc230f8ef24 (webtiles) character file.

Game seed: 13636337181168353346

305 CowFu the Ruffian (level 6, 0/47 HPs)
             Began as a Draconian Shapeshifter on Oct 29, 2023.
             Was a Follower of Dithmenos.
             Slain by a scorpion (8 damage)
             ... on level 5 of the Dungeon.
             The game lasted 00:02:36 (3370 turns).

CowFu the Ruffian (Draconian Shapeshifter)          Turns: 3370, Time: 00:02:37

Health: 0/47       AC: -2    Str: 19    XL:     6   Next: 15%
Magic:  6/6        EV:  8    Int: 10    God:    Dithmenos [*.....]
Gold:   285        SH: 11    Dex: 10    Spells: 5/5 levels left

rFire   . .          .
                       - Unarmed
rCold   . . .        l - +0 tower shield
rNeg    . . .        (body armour unavailable)
rPois   .            (helmet currently unavailable)
rElec   .            (cloak currently unavailable)
rCorr   .            (gloves currently unavailable)
SInv    .            (boots currently unavailable)
Will    .....        (no amulet)
Stlth   +            (no ring)
HPRegen 0.27/turn    (no ring)
MPRegen 0.10/turn

%: no passive effects
@: beast-form, corroded, attractive, wreathed by umbra
A: beast (slay +2), AC +6, unfitting armour, cold-blooded
a: Begin Untransformation, Renounce Religion


You were on level 5 of the Dungeon.
You worshipped Dithmenos.
Dithmenos was aware of your devotion.
You were a hulking beast.
You visited 1 branch of the dungeon, and saw 5 of its levels.

You collected 285 gold pieces.

Inventory:

Armour
 l - a +0 tower shield (worn)
Jewellery
 p - an amulet of faith
Talismans
 b - a beast talisman
 c - a flux talisman
Scrolls
 f - 5 scrolls of identify {unknown}
 h - 3 scrolls of fear {unknown}
 m - a scroll of fog {unknown}
 n - a scroll of teleportation {unknown}
 o - a scroll of brand weapon {unknown}
 r - a scroll of enchant weapon {unknown}
Potions
 a - 2 potions of lignification
 d - a potion of degeneration {unknown}
 e - a potion of attraction
 g - a potion of mutation {unknown}
 i - 2 potions of might {unknown}
 j - a potion of curing
 k - 2 potions of brilliance {unknown}
 q - a potion of berserk rage {unknown}


   Skills:
 - Level 1.1 Fighting
 - Level 1.7 Dodging
 + Level 2.1 Shields
 + Level 5.0 Unarmed Combat
 + Level 4.7 Shapeshifting


You had 5 spell levels left.
You didn't know any spells.
Your spell library contained the following spells:

 Spells                   Type           Power      Damage    Failure   Level
 Freeze                   Ice            0%         1d3       98%         1
 Cigotuvi's Dreadful Rot  Necr/Pois/Air  0%         N/A       99%         2
 Poisonous Vapours        Pois/Air       0%         N/A       99%         2
 Inner Flame              Hex/Fire       0%         N/A       100%        3
 Mephitic Cloud           Conj/Pois/Air  0%         N/A       100%        3
 Ozocubu's Armour         Ice            0%         N/A       100%        3
 Dispel Undead            Necr           0%         3d6       100%        4
 Freezing Cloud           Conj/Ice/Air   0%         6-21      100%        5
 Yara's Violent Unravell  Hex/Tmut       0%         3d3       100%        5
 Death Channel            Necr           0%         N/A       100%        6
 Enfeeble                 Hex            0%         N/A       100%        7
 Ozocubu's Refrigeration  Ice            0%         4d7       100%        7
 Animate Armour           Summ/Erth      Unusable   N/A       N/A         4

Dungeon Overview and Level Annotations

Branches:
Dungeon (5/15)
 Temple: D:4-7

Altars:
Dithmenos


Innate Abilities, Weirdness & Mutations

You are a hulking beast.
Your limbs bulge with bestial killing power. (Slay +2)
Your plain brown scales are hard. (AC +6)
You cannot fit into any form of body armour.
You are cold-blooded and may be slowed by cold attacks.


Message History

It was a potion of curing.
You feel better. You block the scorpion's attack.
You hit the scorpion.
The scorpion is lightly wounded.
The scorpion closely misses you.
You hit the scorpion.
The scorpion is moderately wounded.
You block the scorpion's attack. The scorpion stings you.
* * * LOW HITPOINT WARNING * * *
You are poisoned.
The scorpion poisons you!
You feel better.
An iguana comes into view.
You block the scorpion's attack. The iguana is attracted toward you.
You barely miss the scorpion.
The scorpion is moderately wounded.
The iguana hisses angrily.
You block the scorpion's attack. The scorpion stings you.
You are poisoned.
The scorpion poisons you!
You feel better. The scorpion stings you.
A dart slug comes into view.
The dart slug is attracted toward you.
You barely miss the scorpion.
You tail-slap the scorpion, but do no damage.
The scorpion is moderately wounded.
You block the scorpion's attack. You block the iguana's attack.
You hit the scorpion.
The scorpion is moderately wounded.
The scorpion stings you. The iguana bites you!
* * * LOW HITPOINT WARNING * * *
You block the scorpion's attack.
You closely miss the scorpion.
The scorpion is moderately wounded.
You block the iguana's attack.
The dart slug briefly extends its eye-stalks.
The scorpion barely misses you.
You closely miss the scorpion.
The scorpion is moderately wounded.
You block the iguana's attack. The scorpion stings you!
You die...

.. .. ..#.##
#.##.......#
#....#.....##
#............
..........
#...... #.w..#
##sl.# ...#.h.##
.........# .
.#....#.## ..
####..#####
...##.....$##.#
.........#....##
........ยง.......
........<.....#
......(.......#


You could see a scorpion, an iguana and a dart slug.

Vanquished Creatures
  A black bear (D:4)
  A phantom (D:5)
  A hound (D:4)
  A jelly (D:5)
  An adder (D:3)
  2 worms
  3 dart slugs
  5 bats
  6 endoplasms
  5 giant cockroaches
  6 goblins
  3 hobgoblins
  6 jackals
  2 quokkas
  5 ball pythons
  A frilled lizard (D:2)
  6 kobolds
  5 rats
60 creatures vanquished.

Notes
Turn   | Place    | Note
-------+----------+-------------------------------------------
     0 | D:1      | CowFu the Draconian Shapeshifter began the quest for the
                  | Orb.
     0 | D:1      | Reached XP level 1. HP: 16/16 MP: 1/1
   209 | D:1      | Reached XP level 2. HP: 23/23 MP: 2/2
   595 | D:2      | Identified the "Casugg"
   809 | D:2      | Found a faded altar of an unknown god.
   879 | D:2      | Reached XP level 3. HP: 23/28 MP: 3/3
  1307 | D:3      | Found a shadowy altar of Dithmenos.
  1315 | D:3      | Became a worshipper of Dithmenos the Shadowed
  1695 | D:3      | Reached skill level 4 in Unarmed Combat
  2249 | D:4      | Reached XP level 4. HP: 19/35 MP: 4/4
  3275 | D:5      | Entered Level 5 of the Dungeon
  3275 | D:5      | Noticed a black bear
  3275 | D:5      | Noticed a phantom
  3286 | D:4      | Killed a black bear
  3287 | D:4      | Reached skill level 1 in Shields
  3287 | D:4      | Reached XP level 5. HP: 24/40 MP: 5/5
  3355 | D:5      | Killed a phantom
  3355 | D:5      | Reached * piety under Dithmenos
  3356 | D:5      | Reached XP level 6. HP: 31/47 MP: 6/6
  3359 | D:5      | Reached skill level 5 in Unarmed Combat
  3370 | D:5      | Slain by a scorpion

Illustrated notes

Levels and vault maps discovered:
D:1:      psy_arrival_dodecagon, layout_basic
D:2:      layout_loops_ring, basic_ecumenical_altar
D:3:      layout_basic, nicolae_dithmenos_shadow_blocks, grunt_ministairs_10,
          feat_on_display
D:4:      layout_basic
D:5:      layout_cave_pools, serial_shops, shop, hangedman_decor_push,
          uniq_edmund

Skill      XL: |  1  2  3  4  5  6 |
---------------+-------------------+-----
Unarmed Combat | 4 5 |  5.0
Shapeshifting  | 4 |  4.7
Shields        | 1 2 |  2.1
Fighting       | |  1.1
Dodging        | |  1.7

Action                     |  1- 3 |  4- 6 || total
---------------------------+-------+-------++-------
  Melee: Unarmed           |   112 |    54 ||   166
         Tailslap          |     9 |    10 ||    19
         Punch             |     1 |       ||     1
    Use: Potion            |       |     4 ||     4
   Stab: Sleeping          |     2 |       ||     2
 Armour: Skin              |    47 |    42 ||    89
  Dodge: Dodged            |    55 |    17 ||    72
  Block: Tower shield      |     7 |    29 ||    36

Table legend: (Time is in decaauts)
 A = Elapsed time spent in this place.
 B = Non-inter-level travel time spent in this place.
 C = Inter-level travel time spent in this place.
 D = Time resting spent in this place.
 E = Time spent auto-exploring this place.
 F = Levels seen in this place.
 G = Mean time per level.
                   A        B        C        D        E       F      G
               +--------+--------+--------+--------+--------+-----+--------+
         Total |   3386 |   3257 |    129 |      0 |   2813 |   5 |  677.2 |
       Dungeon |   3386 |   3257 |    129 |      0 |   2813 |   5 |  677.2 |
               +--------+--------+--------+--------+--------+-----+--------+

Top non-repeatable levels by time:
     D:4: 1181 daAuts
     D:3: 880 daAuts
     D:2: 696 daAuts
     D:1: 593 daAuts
     D:5: 34 daAuts
